 Dungeon Crawl Stone Soup version 0.31.0-11-ge490571c62 (webtiles) character file.

Game seed: 17341072120894423044

4 browni3141 the Trooper (level 1, 0/18 HPs)
             Began as a Demonspawn Cinder Acolyte on Jan 31, 2024.
             Was a High Priest of Ignis.
             Slain by a hobgoblin (1 damage)
             ... on level 1 of the Dungeon.
             The game lasted 00:00:02 (136 turns).

browni3141 the Trooper (Demonspawn Cinder Acolyte)   Turns: 136, Time: 00:00:03

Health: 0/18       AC:  2    Str: 14    XL:     1   Next: 58%
Magic:  2/2        EV: 11    Int: 14    God:    Ignis [*****.]
Gold:   0          SH:  0    Dex:  8    Spells: 2/2 levels left

rFire   + . .        a - -1 mace (flame)
rCold   . . .        (no shield)
rNeg    . . .        b - +0 robe
rPois   .            (no helmet)
rElec   .            (no cloak)
rCorr   .            (no gloves)
SInv    .            (no boots)
Will    .....        (no amulet)
Stlth   +            (no ring)
HPRegen 0.23/turn    (no ring)
MPRegen 0.08/turn

%: no passive effects
@: no status effects
A: no striking features
a: Renounce Religion, Fiery Armour, Foxfire Swarm, Rising Flame


You were on level 1 of the Dungeon.
You worshipped Ignis.
Ignis was extremely pleased with you.
You visited 1 branch of the dungeon, and saw 1 of its levels.

Inventory:

Hand Weapons
 a - a -1 mace of flaming (weapon)
Armour
 b - a +0 robe (worn)
Jewellery
 d - an amulet of the acrobat
Scrolls
 c - a scroll of torment {unknown}


   Skills:
 + Level 3.0 Fighting
 + Level 2.7 Maces & Flails
 + Level 1.1 Spellcasting
 + Level 2.7 Fire Magic


You had 2 spell levels left.
You didn't know any spells.
Your spell library contained the following spells:

 Spells                   Type           Power      Damage    Failure   Level
 Scorch                   Fire           16%        2d5       13%         2


Dungeon Overview and Level Annotations

Branches:
Dungeon (1/15)

Altars:

Annotations:
D:1 2 transporters


Message History

Press ? for a list of commands and other information.
Found an escape hatch in the floor.
Found a staircase leading out of the dungeon.
No target in view!
Setting a skill training target for Axes at 18.0.
Setting a skill training target for Invocations at 14.0.
Setting a skill training target for Throwing at 11.0.
A kobold comes into view. It is wielding a +0 short sword.
A kobold is nearby!
A kobold is nearby!
A kobold is nearby!
The kobold hits you with a +0 short sword.
A kobold is nearby!
You barely miss the kobold.
The kobold hits you with a +0 short sword.
A kobold is nearby!
You barely miss the kobold. The kobold closely misses you.
A kobold is nearby!
You hit the kobold. You burn the kobold.
You kill the kobold!
No target in view!
HP restored.
You open the door.
Found a stone staircase leading down.
No target in view!
There is an open door here.
There is a stone staircase leading down here.
You open the door.
There is an open door here.
c - a scroll labelled RABROE PUXIA No target in view!
A kobold comes into view. It is wielding a +0 short sword.
The kobold shouts!
The kobold hits you with a +0 short sword.
A kobold is nearby!
You hit the kobold. You burn the kobold.
You kill the kobold!
You open the door.
There is an open door here.
d - an amulet of the acrobat No target in view!
A ball python and a quokka come into view.
The ball python hisses angrily.
You hear a shout!
You closely miss the quokka.
A ball python comes into view.
The quokka completely misses you.
The ball python moves out of view.
There are monsters nearby!
You hit the quokka but do no damage.
The quokka bites you but does no damage.
The quokka completely misses you.
There are monsters nearby!
You hit the quokka but do no damage.
A hobgoblin comes into view.
The quokka barely misses you.
You barely miss the quokka. The quokka barely misses you.
The quokka closely misses you.
You hit the quokka but do no damage.
The quokka bites you but does no damage.
There are monsters nearby!
There are monsters nearby!
There are monsters nearby!
You hit the quokka but do no damage. The quokka bites you.
The quokka barely misses you.
You hit the quokka. You burn the quokka.
You kill the quokka!
The ball python bites you. The ball python closely misses you.
You completely miss the ball python. The ball python bites you.
The ball python grabs you. The ball python constricts you.
You hit the ball python but do no damage.
The ball python bites you but does no damage.
The ball python constricts you. The ball python barely misses you.
The ball python constricts you.
There are monsters nearby!
There are monsters nearby!
There are monsters nearby!
You sock the ball python! You burn the ball python.
You kill the ball python!
You barely miss the hobgoblin.
The hobgoblin hits you but does no damage.
The hobgoblin hits you.
You closely miss the hobgoblin. The hobgoblin hits you.
You hit the hobgoblin. You burn the hobgoblin.
The hobgoblin is severely wounded.
The hobgoblin hits you.
You barely miss the hobgoblin.
The hobgoblin is severely wounded.
The hobgoblin barely misses you.
A hobgoblin is nearby!
A hobgoblin is nearby!
You barely miss the hobgoblin.
The hobgoblin is severely wounded.
The hobgoblin hits you. x2
You closely miss the hobgoblin.
The hobgoblin is severely wounded.
The hobgoblin hits you.
You are too injured to fight recklessly!
You closely miss the hobgoblin.
The hobgoblin is severely wounded.
The hobgoblin hits you.
You die...

.##....##.....#
###....##.....#...#.#..
###....##)....#.#......#
#.......................
###....####'#.#.#......#
#....#......# .......
#....#......###.#.....
#....#................
#....#........@.......
#....#......###g#.....
#....######## .# ... #
###+## .. . #####.# ...
≈~≈~#.#.# .... .≈≈≈≈....
..... ≈.≈≈≈##. ....##
.~≈≈≈.#


You could see a hobgoblin.

Vanquished Creatures
  2 kobolds (D:1)
  A quokka (D:1)
  A ball python (D:1)
4 creatures vanquished.

Notes
Turn   | Place    | Note
-------+----------+-------------------------------------------
     0 | D:1      | browni3141 the Demonspawn Cinder Acolyte began the quest
                  | for the Orb.
     0 | D:1      | Reached XP level 1. HP: 18/18 MP: 2/2
   136 | D:1      | Slain by a hobgoblin

Illustrated notes

Levels and vault maps discovered:
D:1:      spicycebolla_arrival_transporter_tutorial, layout_basic,
          amcnicky_mini_corridor_feature

Action                     || total
---------------------------++-------
  Melee: Mace              ||    21
 Armour: Robe              ||    17
  Dodge: Dodged            ||    10
